 Dungeon Crawl Stone Soup version 0.31-a0-986-g5e6e4ef867 (webtiles) character file.

Game seed: 2333287666812778435

21657 Dittersdorf the Blocker (level 12, 0/81 HPs)
             Began as a Gargoyle Fighter on Nov 3, 2023.
             Was a High Priest of Okawaru.
             Shot with an arrow by a centaur (8 damage)
             ... in a volcano.
             The game lasted 00:19:39 (11726 turns).

Dittersdorf the Blocker (Gargoyle Fighter)         Turns: 11726, Time: 00:19:39

Health: 0/81       AC: 34    Str: 24    XL:     12   Next: 92%
Magic:  12/12      EV:  6    Int: 10    God:    Okawaru [*****.]
Gold:   1497       SH: 17    Dex: 15    Spells: 9/11 levels left

rFire   . . .        k - +5 morningstar
rCold   . . .        w - +0 tower shield
rNeg    + . .        v - +0 plate armour
rPois   ∞            r - +0 helmet
rElec   +            C - +0 cloak
rCorr   .            l - +0 pair of gloves
SInv    .            x - +0 pair of boots {Fly}
Will    .....        e - amulet of regeneration Stlth
                     u - +4 ring of protection
HPRegen 1.13/turn    o - +6 ring of dexterity
MPRegen 0.13/turn

%: no passive effects
@: flying
A: sickness immunity, AC +8, negative energy resistance 1, electricity
resistance, torment resistance 1, petrification resistance
a: Renounce Religion, Heroism, Finesse, Duel


You were in a volcano.
You worshipped Okawaru.
Okawaru was extremely pleased with you.
You visited 3 branches of the dungeon, and saw 14 of its levels.
You also visited: Bailey and Volcano.

You collected 1497 gold pieces.

Inventory:

Hand Weapons
 k - a +5 morningstar (weapon)
Missiles
 h - a curare-tipped dart
 i - 4 throwing nets
Armour
 l - a +0 pair of gloves (worn)
 r - a +0 helmet (worn)
 v - a +0 plate armour (worn)
 w - a +0 tower shield (worn)
 x - a +0 pair of boots of flying (worn)
 C - a +0 cloak (worn)
Jewellery
 e - an amulet of regeneration (around neck)
 o - a +6 ring of dexterity (right hand)
 u - a +4 ring of protection (left hand)
 z - a ring of ice
 H - a ring of positive energy
Wands
 a - a wand of paralysis (17)
 n - a wand of digging (9)
 t - a wand of flame (13)
 A - a wand of iceblast (7) (quivered)
 G - a wand of quicksilver (5)
Scrolls
 p - 2 scrolls of teleportation
 y - a scroll of poison
 E - 2 scrolls of blinking
 F - a scroll of torment
Potions
 b - 2 potions of mutation {unknown}
 c - 2 potions of degeneration {unknown}
 d - 4 potions of might
 f - 5 potions of curing
 g - 2 potions of invisibility
 j - 4 potions of enlightenment
 m - a potion of resistance {unknown}
 q - a potion of ambrosia
 s - 2 potions of heal wounds
 B - a potion of haste


   Skills:
 + Level 12.1 Fighting
 + Level 10.9 Maces & Flails
 + Level 12.1 Armour
 + Level 12.2 Shields


You had 9 spell levels left.
You knew the following spells:

 Your Spells              Type           Power      Damage    Failure   Level
a - Passwall              Tmut/Erth      0%         N/A       100%        2

Your spell library contained the following spells:

 Spells                   Type           Power      Damage    Failure   Level
 Kiss of Death            Conj/Necr      0%         2d5       100%        1
 Ensorcelled Hibernation  Hex/Ice        0%         N/A       100%        2
 Gell's Gravitas          Tloc           0%         N/A       100%        3
 Swiftness                Air            0%         N/A       100%        3
 Teleport Other           Tloc           0%         N/A       100%        3
 Volatile Blastmotes      Fire/Tloc      0%         2d10      100%        3
 Fulminant Prism          Conj/Hex       0%         3d5       100%        4
 Iskenderun's Mystic Bla  Conj/Tloc      0%         2d3       100%        4
 Borgnjor's Vile Clutch   Necr/Erth      0%         N/A       100%        5
 Dispersal                Tloc           0%         N/A       100%        6
 Eringya's Noxious Bog    Tmut/Pois      0%         4d6       100%        6
 Animate Dead             Necr           Unusable   N/A       N/A         4
 Death Channel            Necr           Unusable   N/A       N/A         6
 Haunt                    Necr/Summ      Unusable   N/A       N/A         7

Dungeon Overview and Level Annotations

Branches:
Dungeon (10/15)            Temple (1/1) D:4            Lair (3/5) D:10
 Shoals (0/4) Lair:3        Snake (0/4) Lair:2          Orc (0/2) D:9
 Bailey (visited)         Volcano (1/1)

Altars:
Ashenzari
Cheibriados
Dithmenos
Elyvilon
Fedhas
Gozag
Hepliaklqana
Kikubaaqudgha
Makhleb
Nemelex Xobeh
Okawaru
Qazlal
Ru
Sif Muna
Trog
Uskayaw
Vehumet
Wu Jian
Xom
Yredelemnul
Zin
The Shining One

Shops:
D:9 [


Innate Abilities, Weirdness & Mutations

You are immune to sickness and miasma.
Your stone body is resilient. (AC +8)
You are immune to poison.
You resist negative energy. (rN+)
You are resistant to electric shocks. (rElec)
You are resistant to unholy torment.
You are immune to petrification.


Message History

You kill the centaur!
Okawaru accepts your kill.
The centaur hits you but does no damage.
You block the centaur's attack.
The hell knight hits you but does no damage.
The centaur unwields a +2 shortbow of flaming.
It stops flaming.
The centaur hits you but does no damage.
The centaur kicks you but does no damage.
The yaktaur shoots a bolt.
The bolt hits you! The bolt burns you. You block the centaur's attack.
The centaur completely misses you.
You are too injured to fight recklessly!
You block the hell knight's attack.
The centaur wields a +2 shortbow of flaming.
It bursts into flame!
The centaur shoots an arrow.
You block the arrow. You block the centaur's attack.
The centaur kicks you but does no damage.
The hell knight hits you from afar with a +2 halberd of flaming!
The hell knight burns you.
* * * LOW HITPOINT WARNING * * *
The yaktaur shoots a bolt.
The bolt hits you!
* * * LOW HITPOINT WARNING * * *
The bolt burns you.
* * * LOW HITPOINT WARNING * * *
There is an open door here.
The centaur wields a +2 shortbow of flaming.
It bursts into flame!
The centaur shoots an arrow.
You block the arrow.
The centaur shoots an arrow.
You block the arrow.
The centaur shoots an arrow.
The arrow hits you but does no damage.
The centaur shoots an arrow.
You block the arrow. You block the hell knight's attack.
The centaur shoots an arrow.
The arrow hits you!
* * * LOW HITPOINT WARNING * * *
The arrow burns you.
* * * LOW HITPOINT WARNING * * *
A centaur opens the large door.
The centaur shoots an arrow.
You block the arrow.
The centaur shoots an arrow.
You block the arrow.
The centaur shoots an arrow.
The arrow hits you!
You die...

#≈≈§≈≈§#...#######...#§§≈≈≈§##
#≈≈≈≈≈≈#...+...c.'.).#≈§≈§≈≈#
###≈≈§≈#...#.)≈pc#c).#≈≈≈≈§##
##≈≈§#...#8≈≈≈8#...#≈≈≈≈##
#≈≈≈§##..+..≈..'..##§≈≈≈#
#≈≈≈≈§#..+.....c..#≈≈≈≈≈#
##≈≈≈≈## #8...8#.##≈§≈≈##
##§§≈≈###§....###≈§≈≈##
###≈≈≈§≈§..@.≈≈§§≈≈##
##≈§§§8...8§§§§§≈#
###§≈...§.§≈§§≈##
#§§.....≈§§### ##≈8...8≈≈≈#
##.....#### #.....# #8...8#
#.....#


You could see a hell knight (fast), a yaktaur and 3 centaurs.

Vanquished Creatures
  Harold (D:10)
  A hydra (D:10)
  2 centaur warriors
  A two-headed ogre (D:9)
  3 death yaks
  Lodul (D:10)
  An orc knight (Bailey)
  A lindwurm (Lair:3)
  Joseph (D:7)
  2 black mambas
  7 cane toads
  Jeremiah (D:7)
  Maggie (D:10)
  2 komodo dragons (Lair:1)
  A troll (D:10)
  A meliai (D:10)
  4 blink frogs (Lair:1)
  Sigmund (D:2)
  2 wyverns
  19 yaks
  4 basilisks
  A vampire mosquito (D:10)
  2 acid dragons (D:10)
  Pargi (D:4)
  3 water moccasins
  8 orc warriors
  3 black bears
  9 wolves (Lair:1)
  5 centaurs
  7 ogres
  3 phantoms
  6 kobold brigands
  3 bullfrogs
  A gnoll sergeant (D:5)
  A scorpion (D:4)
  7 wights
  12 killer bees
  A howler monkey (D:4)
  4 jellies
  2 hounds
  9 orc priests
  3 gnoll boudas
  A sleepcap (D:5)
  5 iguanas
  10 orc wizards
  20 gnolls
  9 adders
  A shadow imp (D:7)
  A worm (D:2)
  2 dart slugs (D:3)
  54 orcs
  7 ball pythons
  5 endoplasms
  7 giant cockroaches
  12 goblins
  8 hobgoblins
  4 jackals (D:1)
  A quokka (D:1)
  2 bats
  2 frilled lizards (D:2)
  46 kobolds
  6 rats
351 creatures vanquished.

Vanquished Creatures (others)
  A human (D:5)
  An orc wizard (D:7)
2 creatures vanquished.

Grand Total: 353 creatures vanquished

Notes
Turn   | Place    | Note
-------+----------+-------------------------------------------
     0 | D:1      | Dittersdorf the Gargoyle Fighter began the quest for the
                  | Orb.
     0 | D:1      | Reached XP level 1. HP: 14/14 MP: 1/1
   102 | D:1      | Reached XP level 2. HP: 9/19 MP: 2/2
   274 | D:1      | Reached XP level 3. HP: 23/23 MP: 3/3
   384 | D:1      | Learned a level 2 spell: Passwall
   620 | D:2      | Found a faded altar of an unknown god.
   961 | D:2      | Noticed Sigmund
  1140 | D:2      | Killed Sigmund
  1141 | D:2      | Reached XP level 4. HP: 7/30 MP: 4/4
  1141 | D:2      | Reached XP level 5. HP: 8/34 MP: 5/5
  1604 | D:3      | Reached XP level 6. HP: 39/39 MP: 6/6
  1795 | D:3      | Found a basalt altar of Yredelemnul.
  2093 | D:3      | Found a shimmering blue altar of Sif Muna.
  2399 | D:4      | Reached skill level 5 in Fighting
  2399 | D:4      | Reached skill level 5 in Armour
  2399 | D:4      | Reached skill level 5 in Shields
  2518 | D:4      | Noticed Pargi
  2539 | D:4      | Killed Pargi
  2540 | D:4      | Reached XP level 7. HP: 24/44 MP: 7/7
  2690 | D:4      | Found a staircase to the Ecumenical Temple.
  2700 | Temple   | Entered the Ecumenical Temple
  3174 | D:4      | Found a glowing silver altar of Zin.
  3283 | D:4      | Identified the +10 quarterstaff of the Nexus {heavy, *Slow
                  | rPois Will+ SInv}
  3598 | D:5      | Identified the of Syenoyn
  3598 | D:5      | Entered Level 5 of the Dungeon
  3598 | D:5      | Found a bloodstained altar of Trog.
  3621 | D:5      | Reached XP level 8. HP: 51/51 MP: 8/8
  3779 | D:4      | Reached skill level 5 in Maces & Flails
  3924 | D:5      | Found a shadowy altar of Dithmenos.
  4064 | D:5      | Found a broken altar of Ashenzari.
  4174 | D:5      | Found an ancient bone altar of Kikubaaqudgha.
  4654 | D:6      | Found a radiant altar of Vehumet.
  4864 | D:6      | Found a sacrificial altar of Ru.
  5468 | D:6      | Reached XP level 9. HP: 57/57 MP: 9/9
  5664 | D:7      | Found an iron altar of Okawaru.
  5689 | D:7      | Became a worshipper of Warmaster Okawaru
  5977 | D:7      | Noticed Joseph
  5991 | D:7      | Killed Joseph
  5991 | D:7      | Reached * piety under Okawaru
  6212 | D:7      | Noticed Jeremiah
  6287 | D:7      | Killed Jeremiah
  6767 | D:8      | Reached XP level 10. HP: 61/64 MP: 10/10
  6811 | D:7      | Reached ** piety under Okawaru
  6954 | D:8      | Found an opulent altar of Gozag.
  7198 | D:9      | Found Duezy's Armour Boutique.
  7285 | D:9      | Found a flagged portal.
  7304 | Bailey   | Entered a bailey
  7781 | Bailey   | Reached *** piety under Okawaru
  8276 | Bailey   | Noticed an orc knight
  8323 | Bailey   | Killed an orc knight
  8839 | D:9      | Found a staircase to the Orcish Mines.
  9099 | D:10     | Entered Level 10 of the Dungeon
  9110 | D:10     | Noticed a two-headed ogre
  9112 | D:10     | Noticed Maggie
  9172 | D:9      | Killed a two-headed ogre
  9172 | D:9      | Reached **** piety under Okawaru
  9173 | D:9      | Reached XP level 11. HP: 71/72 MP: 11/11
  9179 | D:10     | Killed Maggie
  9210 | D:10     | Noticed a death yak
  9211 | D:10     | Noticed a death yak
  9211 | D:10     | Noticed Lodul
  9212 | D:10     | Found a staircase to the Lair.
  9212 | D:10     | Noticed a death yak
  9229 | D:10     | Killed a death yak
  9255 | D:10     | Killed a death yak
  9256 | D:10     | Reached skill level 10 in Fighting
  9256 | D:10     | Reached skill level 10 in Armour
  9256 | D:10     | Reached skill level 10 in Shields
  9345 | D:9      | Killed a death yak
  9376 | D:9      | Reached ***** piety under Okawaru
  9457 | D:9      | Received a gift from Okawaru
  9492 | D:10     | Killed Lodul
  9824 | D:10     | Noticed a centaur warrior
  9832 | D:10     | Killed a centaur warrior
  9978 | D:10     | Noticed a four-headed hydra
  9987 | D:10     | Killed a four-headed hydra
  9987 | D:10     | Received a gift from Okawaru
 10124 | D:10     | Noticed Harold
 10136 | D:10     | Killed Harold
 10137 | D:10     | Reached XP level 12. HP: 72/80 MP: 12/12
 10246 | D:13     | Identified the "Kaheunif"
 10246 | Lair:1   | Entered Level 1 of the Lair of Beasts
 10429 | Lair:1   | Reached skill level 10 in Maces & Flails
 10694 | Lair:1   | Received a gift from Okawaru
 11302 | Lair:2   | Found a staircase to the Snake Pit.
 11614 | Lair:3   | Found a dark tunnel.
 11627 | Volcano  | Entered a volcano
 11659 | Volcano  | Noticed a hell knight
 11660 | Volcano  | Found a burning altar of Makhleb.
 11687 | Volcano  | Noticed a centaur warrior
 11698 | Volcano  | Killed a centaur warrior
 11726 | Volcano  | Shot with an arrow by a centaur

Illustrated notes

Levels and vault maps discovered:
D:1:      matt_arrival_grand_opening, layout_basic,
          chequers_serial_rivers_large_b
D:2:      layout_rooms, serial_forest, infiniplex_forest_lined_ring,
          infiniplex_forest_lined_4_way, infiniplex_forest_pool,
          infiniplex_forest_clump_C, infiniplex_forest_zigzag_2,
          basic_ecumenical_altar, uniq_sigmund
D:3:      layout_loops_ring, nicolae_sif_muna_condensation,
          yredelemnul_altar_generic
D:4:      layout_gridville, marbit_many_paths,
          minmay_temple_entry_gardened_gates, uniq_pargi
D:5:      layout_basic, tgw_kikubaaqudgha, mainiacjoe_overflow_chevrons,
          mainiacjoe_overflow_surrounded_room, amcnicky_altar_gilded,
          minmay_misc_feat_pillars
D:6:      layout_basic, fiery_altar_vehumet,
          mainiacjoe_overflow_concentric_impassable
D:7:      lemuel_ice_spiral_2, layout_basic, okawaru_altar_gauntlet_db,
          uniq_joseph, uniq_jeremiah
D:8:      layout_basic, mainiacjoe_overflow_alcove_1
D:9:      layout_roguey, orc_0_dummy, serial_shops, shop, enter_bailey_3
D:10:     layout_rooms, dpeg_lair_monsters, minmay_fractal_squares_gapless_7,
          uniq_harold, uniq_lodul, uniq_maggie
Temple:   nicolae_temple_ecumenical_triangle
Lair:1:   layout_gridlike, dreamdust_gnoll_shepherd
Lair:2:   layout_cave_shapes, dummy_snake_entry, grunt_megastairs_2
Lair:3:   layout_regular_city, mainiacjoe_shoals_entry_four_pools,
          nicolae_volcano_entry_vermiform, ice2_lemuel, serial_bayou_shore_b,
          infiniplex_staircase_pool_2, serial_bayou_shore_b
Volcano:  kennysheep_volcano_temple

Skill      XL: |  1  2  3  4  5  6  7  8  9 10 11 12 |
---------------+-------------------------------------+-----
Fighting       | 4 5 7 8 9 11 12 | 12.1
Maces & Flails | 3 4 5 7 8 9 10 | 10.9
Armour         | 4 5 7 8 9 11 12 | 12.1
Shields        | 4 5 6 8 9 11 12 | 12.2

Action                     |  1- 3 |  4- 6 |  7- 9 | 10-12 || total
---------------------------+-------+-------+-------+-------++-------
  Melee: Flail             |   136 |    95 |   129 |       ||   360
         Whip              |       |    37 |   248 |       ||   285
         Morningstar       |       |       |   164 |   660 ||   824
  Throw: Dart              |       |       |     2 |     3 ||     5
 Invoke: Heroism           |       |       |       |     3 ||     3
  Evoke: Wand              |       |       |     9 |    12 ||    21
    Use: Scroll            |       |       |    14 |     7 ||    21
 Armour: Scale mail        |   120 |    71 |       |       ||   191
         Chain mail        |       |    50 |   357 |    78 ||   485
         Plate armour      |       |       |       |   716 ||   716
  Dodge: Dodged            |    86 |    70 |   170 |   196 ||   522
  Block: Buckler           |    23 |    25 |    41 |       ||    89
         Kite shield       |       |       |   154 |    62 ||   216
         Tower shield      |       |       |       |   695 ||   695

Table legend: (Time is in decaauts)
 A = Elapsed time spent in this place.
 B = Non-inter-level travel time spent in this place.
 C = Inter-level travel time spent in this place.
 D = Time resting spent in this place.
 E = Time spent auto-exploring this place.
 F = Levels seen in this place.
 G = Mean time per level.
                   A        B        C        D        E       F      G
               +--------+--------+--------+--------+--------+-----+--------+
         Total |  12035 |  11643 |    392 |   2000 |   6260 |  16 |  752.2 |
       Dungeon |   9197 |   8836 |    361 |   1055 |   5299 |  10 |  919.7 |
        Temple |     27 |     27 |      0 |      0 |      0 |   1 |   27.0 |
          Lair |   1421 |   1390 |     31 |     48 |    935 |   3 |  473.7 |
        Bailey |   1288 |   1288 |      0 |    897 |     26 |   1 | 1288.0 |
       Volcano |    100 |    100 |      0 |      0 |      0 |   1 |  100.0 |
               +--------+--------+--------+--------+--------+-----+--------+

Top non-repeatable levels by time:
     D:4: 1343 daAuts
  Bailey: 1288 daAuts
     D:7: 1118 daAuts
     D:6: 1095 daAuts
     D:9: 990 daAuts
     D:3: 947 daAuts
    D:10: 926 daAuts
  Lair:1: 834 daAuts
     D:1: 815 daAuts
     D:2: 734 daAuts
     D:5: 693 daAuts
  Lair:2: 548 daAuts
     D:8: 531 daAuts
 Volcano: 100 daAuts
  Lair:3: 38 daAuts
